 Dungeon Crawl Stone Soup version 0.29-a0-96-g93358da72b (webtiles) character file.

Game seed: 4106645436573045031

795 Gargoyl the Chopper (level 7, -1/37 HPs)
             Began as a Gargoyle Abyssal Knight on Feb 12, 2022.
             Was a Believer of Lugonu.
             Slain by an ufetubus (2 damage)
             ... on level 5 of the Dungeon.
             The game lasted 00:06:22 (5287 turns).

Gargoyl the Chopper (Gargoyle Abyssal Knight)       Turns: 5287, Time: 00:06:23

Health: -1/37      AC: 14    Str: 24    XL:     7   Next: 89%
Magic:  9/9        EV: 11    Int: 11    God:    Lugonu [**....]
Gold:   219        SH:  0    Dex: 10    Spells: 6/6 levels left

rFire   . . .      SeeInvis +   m - +7 spear of the Shimmering Seeker {vorpal, rElec Str+6}
rCold   + + .      Faith    .   (no shield)
rNeg    + . .      Spirit   .   g - +4 ring mail {rC+}
rPois   ∞          Reflect  .   (no helmet)
rElec   +          Harm     .   (no cloak)
rCorr   .          Rampage  .   (no gloves)
Will    +....                   (no boots)
Stlth   +.........              (no amulet)
HPRegen 0.12/turn               b - ring of flight
MPRegen 0.11/turn               q - ring of see invisible

@: flying
A: sickness immunity, AC +4, negative energy resistance 1, electricity
resistance, torment resistance 1, petrification resistance, cold resistance 1,
frail 1, strong-willed 1, inability to read while threatened
a: Renounce Religion, Depart the Abyss, Bend Space


You were on level 5 of the Dungeon.
You worshipped Lugonu.
Lugonu was pleased with you.
You visited 1 branch of the dungeon, and saw 5 of its levels.
You visited the Abyss 1 time.

You collected 219 gold pieces.

Inventory:

Hand Weapons
 a - a +1 hand axe
 d - a +3 scythe of holy wrath
 i - a +1 flail of draining
 m - the +7 spear of the Shimmering Seeker (weapon) {vorpal, rElec Str+6}
   (You found it on level 3 of the Dungeon)

   It inflicts extra damage upon your enemies.
   Str:       It affects your strength (+6).
   rElec:     It insulates you from electricity.
Missiles
 h - 4 poisoned darts (quivered)
Armour
 g - a +4 ring mail of cold resistance (worn)
Jewellery
 b - a ring of flight (left hand)
 q - a ring of see invisible (right hand)
Wands
 c - a wand of flame (6)
 l - a wand of iceblast (15)
Scrolls
 e - 3 scrolls of identify
 p - a scroll of teleportation
Potions
 f - a potion of brilliance
 j - a potion of heal wounds {unknown}
 k - a potion of attraction {unknown}
 n - a potion of magic {unknown}
 o - 3 potions of flight {unknown}


   Skills:
 + Level 3.9 Fighting
 * Level 4.6(5.0) Axes
 + Level 2.1(3.9) Maces & Flails
 + Level 1.2(3.1) Polearms
 + Level 0.8 Throwing
 + Level 4.2 Armour
 * Level 3.0 Dodging
 + Level 0.4 Stealth
 * Level 3.8 Invocations


You had 6 spell levels left.
You didn't know any spells.
Your spell library contained the following spells:

 Spells                   Type           Power      Damage    Failure   Level
 Beastly Appendage        Tmut           0%         N/A       47%         1
 Slow                     Hex            0%         N/A       47%         1
 Summon Small Mammal      Summ           0%         N/A       47%         1
 Wereblood                Tmut           0%         N/A       63%         2
 Call Canine Familiar     Summ           0%         N/A       85%         3
 Confusing Touch          Hex            0%         N/A       85%         3
 Spider Form              Tmut/Pois      0%         N/A       85%         3
 Summon Guardian Golem    Hex/Summ       0%         N/A       85%         3
 Vampiric Draining        Necr           0%         2d6       85%         3


Dungeon Overview and Level Annotations

Branches:
Dungeon (5/15)
 Temple: D:4-7

Altars:
Ashenzari
Cheibriados
Gozag
Makhleb
Okawaru
Qazlal
Ru
Uskayaw
Vehumet
Wu Jian


Innate Abilities, Weirdness & Mutations

You are immune to sickness and miasma.
Your stone body is resilient. (AC +4)
You are immune to poison.
You resist negative energy. (rN+)
You are resistant to electric shocks. (rElec)
You are resistant to unholy torment.
You are immune to petrification.
Your flesh is cold resistant. (rC+)
You are frail. (-10% HP)
You are strong-willed. (Will+)
You sometimes lose the ability to read scrolls when taking damage.


Message History

Space bends around you!
You blink.
The black bear growls angrily.
The jelly quivers.
The black bear misses you. x2
The black bear claws you but does no damage.
The black bear misses you. The black bear claws you.
You feel threatened and lose the ability to read scrolls!
* * * LOW HITPOINT WARNING * * *
The black bear claws you.
* * * LOW HITPOINT WARNING * * *
Okay, then.
You cannot read scrolls in your current state!
Okay, then.
The jelly jiggles.
You can read scrolls again.
You see here a scroll of magic mapping.
You are no longer corroded.
An orc comes into view.
It is wielding a +2 flail of protection and carrying a wand of paralysis (11).
The orc shouts!
The orc zaps a wand.
You resist with almost no effort.
An ufetubus comes into view.
The ufetubus shouts!
Reach: m) +7 spear of the Shimmering Seeker {vorpal, rElec Str+6}
Press: ? - help, Dir - move target, f - orc
Aim: an orc, wielding a +2 flail of protection and carrying a wand of paralysis (10) (about 32% to evade the +7 spear of the Shimmering Seeker)
You reach to attack!
You hit the orc.
The orc is severely wounded.
Unknown command.
Reach: m) +7 spear of the Shimmering Seeker {vorpal, rElec Str+6}
Press: ? - help, Dir - move target, f/p - orc
Aim: an orc, wielding a +2 flail of protection and carrying a wand of paralysis (10) (severely wounded, about 32% to evade the +7 spear of the Shimmering Seeker)
You reach to attack!
You puncture the orc!
You kill the orc!
Lugonu accepts your kill. The black bear bites you.
* * * LOW HITPOINT WARNING * * *
The black bear barely misses you. The black bear closely misses you.
The ufetubus hits you but does no damage.
The ufetubus hits you.
You die...

### ###.. ...# #
#..## .# #. ... .#
#.. #.# #.#
#...##.#####.#
#....<5h.....#
#..###@#.!...# #
####.#.J...#####.
#.......O........
.....#...?.##### ##
#.##.#.....# . .. ..
..#####.# .#
##.####.#####.##.##.#
#.......#...........#
#.......#.####.#.####


You could see a black bear and an ufetubus.

Vanquished Creatures
  Grinder (D:3)
  Sigmund (D:3)
  A scorpion (D:4)
  A hound (D:4)
  An orc priest (D:4)
  A centaur skeleton (D:4)
  A bullfrog skeleton (D:5)
  An iguana (D:4)
  Terence (D:2)
  Natasha (D:3)
  An orc wizard (D:4)
  3 gnolls
  3 adders
  2 dart slugs
  17 orcs
  6 bats
  7 endoplasms
  6 giant cockroaches
  4 goblins
  4 hobgoblins
  5 kobolds
  2 quokkas (D:2)
  12 ball pythons
  3 frilled lizards
  A quokka skeleton (D:3)
  11 rats
97 creatures vanquished.

Notes
Turn   | Place    | Note
-------+----------+-------------------------------------------
     0 | Abyss:1  | Gargoyl the Gargoyle Abyssal Knight began the quest for the
                  | Orb.
     0 | Abyss:1  | Reached XP level 1. HP: 14/14 MP: 2/2
     9 | D:1      | Escaped the Abyss
   305 | D:1      | Reached skill level 1 in Dodging
   369 | D:1      | Reached XP level 2. HP: 18/19 MP: 3/3
   390 | D:1      | Reached * piety under Lugonu
   489 | D:1      | Found a faded altar of an unknown god.
  1078 | D:2      | Reached XP level 3. HP: 3/23 MP: 4/4
  1910 | D:2      | Reached XP level 4. HP: 28/28 MP: 5/5
  1953 | D:2      | Noticed Terence
  2696 | D:2      | Killed Terence
  2697 | D:2      | Reached XP level 5. HP: 7/32 MP: 6/6
  2711 | D:2      | Gained mutation: You sometimes lose the ability to read
                  | scrolls when taking damage. [potion of mutation]
  2711 | D:2      | Gained mutation: You are frail. (-10% HP) [potion of
                  | mutation]
  2711 | D:2      | Gained mutation: You are strong-willed. (Will+) [potion of
                  | mutation]
  2711 | D:2      | Gained mutation: Your flesh is cold resistant. (rC+)
                  | [potion of mutation]
  2945 | D:3      | Noticed Sigmund
  2961 | D:2      | Reached ** piety under Lugonu
  3091 | D:3      | Killed Sigmund
  3092 | D:3      | Reached XP level 6. HP: 24/34 MP: 6/8
  3504 | D:3      | Noticed Grinder
  3509 | D:3      | Paralysed by Grinder for 5 turns
  3534 | D:3      | Killed Grinder
  3535 | D:3      | Reached skill level 1 in Maces & Flails
  3535 | D:3      | Reached XP level 7. HP: 11/37 MP: 9/9
  3962 | D:3      | Noticed Natasha
  3971 | D:3      | Killed Natasha
  4039 | D:3      | Identified the +7 spear of the Shimmering Seeker {vorpal,
                  | rElec Str+6}
  4109 | D:3      | Found a radiant altar of Vehumet.
  4179 | D:3      | Found a broken altar of Ashenzari.
  4181 | D:3      | Found a burning altar of Makhleb.
  4182 | D:3      | Found a sacrificial altar of Ru.
  4182 | D:3      | Found a stormy altar of Qazlal.
  4182 | D:3      | Found an iron altar of Okawaru.
  4183 | D:3      | Found a snail-covered altar of Cheibriados.
  4184 | D:3      | Found an opulent altar of Gozag.
  4184 | D:3      | Found an ornate altar of the Wu Jian Council.
  4185 | D:3      | Found a hide-covered altar of Uskayaw.
  5062 | D:4      | Reached skill level 1 in Polearms
  5242 | D:5      | Entered Level 5 of the Dungeon
  5270 | D:5      | HP: 1/37 [black bear (4)]
  5286 | D:5      | HP: 1/37 [black bear (2)]
  5287 | D:5      | Slain by an ufetubus

Illustrated notes

Levels and vault maps discovered:
D:1:      ncdulo_wetmaze, layout_loops_cross, ebering_ecumenical_altar_abandoned
D:2:      layout_rooms, uniq_terence
D:3:      layout_basic, nicolae_overflows_in_rows, serial_bayou_pond_c,
          uniq_sigmund, uniq_natasha, uniq_grinder
D:4:      nicolae_cairo_tiling, layout_gridville
D:5:      layout_loops_cross, minmay_temple_entry_glassed_door

Skill      XL: |  1  2  3  4  5  6  7 |
---------------+----------------------+-----
Axes           | 2 3 4 |  4.6
Dodging        | 1 2 3 |  3.0
Armour         | 3 4 |  4.2
Maces & Flails | 1 2 |  2.1
Invocations    | 3 |  3.8
Polearms       | 1 |  1.2
Fighting       | |  3.9
Throwing       | |  0.8
Stealth        | |  0.4

Action                   |  1- 3 |  4- 6 |  7- 9 || total
-------------------------+-------+-------+-------++-------
Melee: Hand axe          |    86 |    62 |       ||   148
       Punch             |     2 |     2 |     1 ||     5
       Flail             |       |    53 |    19 ||    72
       Spear             |       |       |    59 ||    59
Throw: Dart              |     3 |    12 |       ||    15
Invok: Depart the Abyss  |     1 |       |       ||     1
       Bend Space        |       |       |     1 ||     1
  Use: Scroll            |       |     4 |     4 ||     8
       Potion            |       |     2 |       ||     2
Armor: Leather armour    |    36 |       |       ||    36
       Chain mail        |    28 |    49 |       ||    77
       Ring mail         |       |    33 |    48 ||    81
Dodge: Dodged            |    82 |    71 |    51 ||   204

Table legend: (Time is in decaauts)
 A = Elapsed time spent in this place.
 B = Non-inter-level travel time spent in this place.
 C = Inter-level travel time spent in this place.
 D = Time resting spent in this place.
 E = Time spent auto-exploring this place.
 F = Levels seen in this place.
 G = Mean time per level.
                   A        B        C        D        E       F      G
               +--------+--------+--------+--------+--------+-----+--------+
         Total |   5343 |   5257 |     86 |   1214 |   3068 |   6 |  890.5 |
       Dungeon |   5334 |   5248 |     86 |   1214 |   3060 |   5 | 1066.8 |
         Abyss |      9 |      9 |      0 |      0 |      8 |   1 |    9.0 |
               +--------+--------+--------+--------+--------+-----+--------+

Top non-repeatable levels by time:
     D:1: 2053 daAuts
     D:3: 1217 daAuts
     D:2: 1049 daAuts
     D:4: 969 daAuts
     D:5: 44 daAuts
 Abyss:1: 9 daAuts
